[Event "Team 45 45 League T43"]
[Site "Internet Chess Club"]
[Date "2009.12.06"]
[Round "5"]
[White "SlimeDog2"]
[Black "fledermaus"]
[Result "1-0"]
[WhiteElo "2185"]
[BlackElo "1954"]
[Opening "Queen's gambit declined"]
[ECO "D30"]
[Time "14:03:20"]
[TimeControl "2700+45"]

1. d4 d5 2. c4 e6 3. Nf3 Nf6 4. g3 Bb4+ 5. Bd2 Be7 6. Bg2 c6 7. Qc2 O-O 8. O-O
Nbd7 9. Bf4 Ne4 10. Ne5 f5 11. f3 Nd6 12. Nd2 Nxe5 13. Bxe5 Nf7 14. Bf4 Bf6 15.
Be3 dxc4 16. Qxc4 e5 17. Nb3 Kh8 18. Rad1 Qe7 19. dxe5 Nxe5 20. Qc2 Re8 21. Bc5
Qf7 22. Bd4 g6 23. e4 Be6 24. f4 Ng4 25. e5 Bd8 26. Nc5 Bb6 27. h3 Nh6 28. b4
Ng8 29. a4 Rab8 30. a5 Bxc5 31. Qxc5 a6 32. Bc3 Ne7 33. Rd6 Kg8 34. Rfd1 Nc8 35.
Rd8 Qe7 36. Qd4 Kf7 37. Rd6 Qc7 38. Bf1 Ne7 39. Rxe6 {Black resigns} 1-0

[Event "Team 45 45 League T43"]
[Site "Internet Chess Club"]
[Date "2009.11.28"]
[Round "5"]
[White "jonesey"]
[Black "Chessduke"]
[Result "0-1"]
[WhiteElo "1979"]
[BlackElo "2166"]
[Opening "Scandinavian: Pytel-Wade variation"]
[ECO "B01"]
[Time "12:00:54"]
[TimeControl "2700+45"]

1. e4 d5 2. exd5 Qxd5 3. Nc3 Qd6 4. d4 Nf6 5. Nf3 a6 6. Ne5 c5 7. Bf4 cxd4 8.
Bc4 e6 9. Nxf7 Qxf4 10. Nxh8 dxc3 11. Qe2 cxb2 12. Rd1 Qe4 13. f3 Qxe2+ 14. Kxe2
Nc6 15. Kd2 Bc5 16. Rhe1 Ke7 17. c3 Bd7 18. Ng6+ hxg6 19. Kc2 Na5 20. Bb3 Nxb3
21. Kxb3 Bc6 22. Kxb2 b5 23. Re2 Rb8 24. Rde1 Bd5 25. g4 b4 {White resigns} 0-1

[Event "Team 45 45 League T43"]
[Site "Internet Chess Club"]
[Date "2009.11.28"]
[Round "5"]
[White "hondocando"]
[Black "smitty120"]
[Result "1-0"]
[WhiteElo "2002"]
[BlackElo "1890"]
[Opening "Réti v Dutch"]
[ECO "A04"]
[Time "18:03:19"]
[TimeControl "2700+45"]

1. Nf3 f5 2. d4 Nf6 3. Nc3 e6 4. Bg5 Be7 5. g3 O-O 6. h4 d5 7. h5 c6 8. e3 Nbd7
9. h6 g6 10. Nh4 b6 11. Qe2 a5 12. O-O-O Ba6 13. Qd2 Bxf1 14. Rhxf1 Ne4 15. Nxe4
Bxg5 16. Nxg5 Qxg5 17. Rh1 c5 18. Nf3 Qf6 19. Kb1 c4 20. Qc3 Qe7 21. Qd2 b5 22.
Rc1 b4 23. c3 Nf6 24. Ng5 Ne4 25. Nxe4 fxe4 26. Rh4 Rf3 27. Rf4 Rf8 28. Rh1 bxc3
29. Qxc3 Qb4 30. Qc2 Rf5 31. a3 Qb3 32. Qxb3 cxb3 33. Rf1 R5xf4 34. gxf4 Rh3 35.
Kc1 Rxh6 36. Kd2 g5 37. fxg5 Rg6 38. Kc3 e5 39. dxe5 Rxg5 40. Kd4 h5 41. Kxd5 h4
42. Kxe4 Kf7 43. Rh1 Rg4+ 44. f4 Rg2 45. Rxh4 Rxb2 46. Rh6 Ra2 47. Rh7+ Kf8 48.
Rb7 a4 49. e6 Rc2 50. f5 b2 51. f6 Kg8 52. Rb8+ Kh7 53. f7 Rf2 54. e7 {Black
resigns} 1-0

[Event "Team 45 45 League T43"]
[Site "Internet Chess Club"]
[Date "2009.11.30"]
[Round "5"]
[White "fishhead"]
[Black "tammany"]
[Result "1-0"]
[WhiteElo "1894"]
[BlackElo "1658"]
[Opening "Sicilian: Hungarian variation"]
[ECO "B27"]
[Time "19:01:22"]
[TimeControl "2700+45"]

1. e4 c5 2. Nf3 g6 3. d4 Bg7 4. Bc4 cxd4 5. Nxd4 Nc6 6. Nxc6 bxc6 7. O-O d6 8.
Nc3 Nf6 9. Bg5 O-O 10. Qd2 Nxe4 11. Nxe4 d5 12. Bd3 dxe4 13. Bxe4 Qxd2 14. Bxd2
Bb7 15. Ba5 f5 16. Bd3 c5 17. Bc4+ Kh8 18. Rad1 Bc6 19. b3 Rf6 20. Rfe1 Rd6 21.
Bc7 Rxd1 22. Rxd1 Rc8 23. Bd8 Be4 24. Bxe7 Bxc2 25. Rd7 a5 26. Bxc5 Rxc5 27.
Rd8+ Bf8 28. Rxf8+ Kg7 29. Rf7+ Kh6 30. f4 a4 31. Ra7 axb3 32. Bg8 g5 33. axb3
gxf4 34. Rxh7+ Kg6 35. Rd7 Rb5 36. Rd4 Bxb3 37. Bxb3 Rxb3 38. Rxf4 Rb2 39. g3
Rd2 40. Rf2 Rd4 41. Kg2 Rd3 42. Kh3 Rd4 43. Kg2 Rd3 44. Ra2 Rd6 45. Ra8 Rd2+ 46.
Kh3 Rd4 47. Rh8 f4 48. g4 Kg7 49. Rh5 Kg6 50. Rf5 Re4 51. Kg2 Re2+ 52. Kg1 Re4
53. Kf2 Rc4 54. h4 Rc2+ 55. Kf3 Rc3+ 56. Kxf4 Rc4+ 57. Kg3 Rc3+ 58. Rf3 Rc5 59.
Rb3 Rc6 60. h5+ Kh6 61. Kh4 Rd6 62. g5+ Kh7 63. Rb7+ Kh8 64. h6 Rd1 65. Kh5 Rd5
66. Kg6 Rd6+ 67. Kf5 Rd5+ 68. Kf6 Rd6+ 69. Ke5 Rc6 70. Rd7 Rc5+ 71. Rd5 Rc6 72.
Rd6 Rc8 73. g6 Rg8 74. Kf6 Rf8+ 75. Ke7 Rg8 76. Rd8 {Black resigns} 1-0

[Event "Team 45 45 League T43"]
[Site "Internet Chess Club"]
[Date "2009.11.26"]
[Round "5"]
[White "rookmaster23"]
[Black "OOB1"]
[Result "0-1"]
[WhiteElo "1349"]
[BlackElo "1596"]
[Opening "QGD: Harrwitz attack"]
[ECO "D35"]
[Time "21:13:29"]
[TimeControl "2700+45"]

1. d4 d5 2. c4 e6 3. Nc3 Nf6 4. Bf4 a6 5. Nf3 dxc4 6. e3 b5 7. Be2 Bd6 8. Bg5 h6
9. Bxf6 Qxf6 10. e4 Qg6 11. O-O Bb7 12. Qc2 Bb4 13. Nd2 Nc6 14. d5 Nd4 15. Qd1
Bxc3 16. bxc3 Nxe2+ 17. Qxe2 O-O 18. dxe6 Qxe6 19. a4 c6 20. Ra2 Rfe8 21. f3 f5
22. Qe3 Rad8 23. Qb6 Rd7 24. axb5 cxb5 25. Qxe6+ Rxe6 26. exf5 Re3 27. Rc1 Rdd3
28. Rac2 Bc8 29. g4 Bb7 30. f4 Re2 31. Rd1 Rg2+ 32. Kf1 Rxh2 33. Kg1 Rg2+ 34.
Kf1 Rxg4 {White resigns} 0-1

[Event "Team 45 45 League T43"]
[Site "Internet Chess Club"]
[Date "2009.11.27"]
[Round "5"]
[White "rd00d"]
[Black "LeanSixSigma"]
[Result "0-1"]
[WhiteElo "1449"]
[BlackElo "1414"]
[Opening "Sicilian: accelerated fianchetto, modern variation"]
[ECO "B34"]
[Time "22:00:20"]
[TimeControl "2700+45"]

1. e4 c5 2. Nf3 Nc6 3. d4 cxd4 4. Nxd4 g6 5. Nc3 Bg7 6. Be3 d6 7. Be2 Bd7 8. Qd2
Nf6 9. Nxc6 Bxc6 10. Bd3 O-O 11. Bh6 Qa5 12. Bxg7 Kxg7 13. O-O d5 14. Qg5 Qd8
15. Rfe1 d4 16. Nb1 Nd7 17. e5 e6 18. Qxd8 Raxd8 19. c3 Nc5 20. Bc2 d3 21. Bb3
d2 22. Rd1 Ne4 23. Bc2 f5 24. Bxe4 Bxe4 25. Nxd2 Bc2 26. Nf3 Rxd1+ 27. Rxd1 Bxd1
28. Nd4 Kf7 29. f3 Ba4 30. Kf2 Rd8 31. Ke3 Be8 {White resigns} 0-1

[Event "Team 45 45 League T43"]
[Site "Internet Chess Club"]
[Date "2009.12.06"]
[Round "5"]
[White "mrmarck"]
[Black "Jugurtha"]
[Result "1/2-1/2"]
[WhiteElo "1244"]
[BlackElo "1647"]
[Opening "French defense"]
[ECO "C00"]
[Time "13:19:54"]
[TimeControl "2700+45"]

1. e4 e6 2. Nf3 d5 3. exd5 exd5 4. d4 Nf6 5. Be2 Bd6 6. O-O O-O 7. Bg5 Nbd7 8.
Nbd2 c6 9. c3 Qc7 10. Re1 b6 11. Nf1 c5 12. Bb5 h6 13. Bxd7 Nxd7 14. Be7 Bxe7
15. Rxe7 Qd8 16. Re2 {Game drawn by mutual agreement} 1/2-1/2

[Event "Team 45 45 League T43"]
[Site "Internet Chess Club"]
[Date "2009.12.05"]
[Round "5"]
[White "Conjurer"]
[Black "BosqueVerde"]
[Result "1-0"]
[WhiteElo "1450"]
[BlackElo "1175"]
[Opening "QGD"]
[ECO "D52"]
[Time "13:07:52"]
[TimeControl "2700+45"]

1. d4 d5 2. c4 c6 3. Nf3 Nf6 4. Nc3 Nbd7 5. Bg5 e6 6. e3 Bb4 7. cxd5 cxd5 8. Bd3
O-O 9. O-O h6 10. Bh4 Qa5 11. Qc2 b6 12. e4 dxe4 13. Nxe4 Nxe4 14. Bxe4 Rb8 15.
Bg3 Ba6 16. Rfd1 Rbc8 17. Bh7+ Kh8 18. Qe4 Nf6 19. Qe3 Nxh7 20. a3 Be7 21. d5
Bc5 22. Qe5 Bb7 23. b4 Bxb4 24. axb4 Qxb4 25. d6 Bxf3 26. gxf3 Ng5 27. Kg2 f6
28. Qe2 e5 29. d7 Rcd8 30. Rxa7 Ne6 31. Qa2 Nc5 32. Qd5 Na4 33. Qc6 Nc3 34. Rda1
Ne2 35. Ra8 Qc3 36. Rxd8 Qxc6 37. Rxf8+ Kh7 38. d8=Q Qc3 39. Rd1 b5 40. Qd3+
Qxd3 41. Rxd3 b4 42. Rb3 {Black resigns} 1-0

[Event "Team 45 45 League T43"]
[Site "Internet Chess Club"]
[Date "2009.11.30"]
[Round "5"]
[White "thefranman"]
[Black "medsurg"]
[Result "1/2-1/2"]
[WhiteElo "1529"]
[BlackElo "1419"]
[Opening "English opening"]
[ECO "A10"]
[Time "20:05:23"]
[TimeControl "2700+45"]

1. c4 b6 2. Nc3 Bb7 3. Nf3 e6 4. d3 Bb4 5. a3 Bxc3+ 6. bxc3 c5 7. e3 Nf6 8. Be2
O-O 9. O-O Nc6 10. Qc2 Qc7 11. Rb1 Ne7 12. Bb2 Ng4 13. h3 Ne5 14. e4 N7g6 15.
Qd2 Nxf3+ 16. Bxf3 Rad8 17. g3 f5 18. Bg2 f4 19. Qe1 Ne5 20. Rd1 Rf6 21. Bc1
fxg3 22. fxg3 Rxf1+ 23. Qxf1 Ng6 24. Qf3 Rf8 25. Qg4 Qd6 26. Bf1 e5 27. Be2 Bc8
28. Rf1 Rxf1+ 29. Bxf1 Qf8 30. Qg5 d6 31. Kg2 Qf6 32. Qxf6 gxf6 33. Be3 f5 34.
exf5 Bxf5 35. Be2 Kf7 36. d4 Be4+ 37. Kf2 Kg7 38. dxe5 Nxe5 39. Bg5 Nd7 40. Be7
d5 41. cxd5 Bxd5 42. Bb5 Kf7 43. Bd6 Ke6 44. Bf4 Bb7 45. Bc4+ Bd5 46. Bd3 h5 47.
Bg6 Nf6 48. Bb8 a6 49. Bd3 c4 50. Bc2 Ne4+ 51. Bxe4 Bxe4 52. Ke3 Kd5 53. g4 hxg4
54. hxg4 Bd3 55. g5 Ke6 56. Kf4 Bf5 57. Ba7 b5 58. Bd4 Bg6 59. Bf6 Kd5 60. Be7
a5 61. Ke3 Bd3 62. Kf4 Bg6 {Game drawn by mutual agreement} 1/2-1/2

[Event "Team 45 45 League T43"]
[Site "Internet Chess Club"]
[Date "2009.12.02"]
[Round "5"]
[White "milesotoole"]
[Black "scottrugby"]
[Result "0-1"]
[WhiteElo "1259"]
[BlackElo "1517"]
[Opening "Queen's pawn game"]
[ECO "A46"]
[Time "22:00:42"]
[TimeControl "2700+45"]

1. d4 Nf6 2. Nf3 e6 3. Bf4 b6 4. e3 c5 5. c3 Bb7 6. h3 Be7 7. Bd3 cxd4 8. cxd4
Nh5 9. Bh2 O-O 10. O-O Nf6 11. Nc3 a6 12. e4 d6 13. Bxd6 Bxd6 14. e5 Be7 15.
exf6 Bxf6 16. Be4 Bxe4 17. Nxe4 Nc6 18. Nxf6+ Qxf6 19. Rc1 Nb4 20. Qb3 Nd5 21.
Qc4 b5 22. Qc5 Nf4 23. Rc2 Rfd8 24. Qg5 Nxh3+ 25. gxh3 Qxf3 26. Rfc1 h6 27. Qe3
Qd5 28. Rd2 Rac8 29. Rxc8 Rxc8 30. Qa3 Rc1+ 31. Kh2 Rh1+ 32. Kg3 Qg5+ {White
resigns} 0-1

[Event "Team 45 45 League T43"]
[Site "Internet Chess Club"]
[Date "2009.11.27"]
[Round "5"]
[White "Just-Jim"]
[Black "fuzzface"]
[Result "1/2-1/2"]
[WhiteElo "1494"]
[BlackElo "1402"]
[Opening "Sicilian defense"]
[ECO "B40"]
[Time "12:00:29"]
[TimeControl "2700+45"]

1. e4 c5 2. Nf3 e6 3. Nc3 a6 4. a3 Nc6 5. Bc4 b5 6. Ba2 b4 7. axb4 Nxb4 8. Bb3
Bb7 9. d4 Nf6 10. e5 Bxf3 11. Qxf3 cxd4 12. O-O Rc8 13. exf6 dxc3 14. bxc3 Nc6
15. Rxa6 Ne5 16. Qf4 Qxf6 17. Qxf6 gxf6 18. Bb2 Bc5 19. h3 O-O 20. c4 Kg7 21.
Bxe5 fxe5 22. Ra5 d6 23. Kh1 Rfd8 24. f3 d5 25. cxd5 exd5 26. Rd1 Bd4 27. f4 f6
28. fxe5 fxe5 29. g4 Rc7 30. Rb5 Kf6 31. Rf1+ Kg5 32. Rf5+ Kg6 33. Bxd5 Rdd7 34.
Be4 Kg7 35. Rg5+ Kf6 36. h4 Rc3 37. Rh5 Rh3+ 38. Kg2 Re3 39. g5+ Ke7 40. Rxh7+
Kd6 41. Rd5+ Ke6 42. Rhxd7 Rxe4 43. R7d6+ Kf5 44. Rf6+ Kg4 45. Rxd4 exd4 46. Rf2
Kxh4 47. Kf3 Re3+ 48. Kf4 Rh3 49. g6 Kh5 50. Kf5 Kh6 51. Kf6 d3 52. g7 Kh7 53.
Kf7 dxc2 54. Rxc2 Rf3+ 55. Ke6 Kxg7 56. Rg2+ Kf8 57. Rg6 Re3+ {Game drawn by
mutual agreement} 1/2-1/2

[Event "Team 45 45 League T43"]
[Site "Internet Chess Club"]
[Date "2009.11.29"]
[Round "5"]
[White "Newcastler"]
[Black "hcarstens"]
[Result "1-0"]
[WhiteElo "1309"]
[BlackElo "1206"]
[Opening "Catalan: closed"]
[ECO "E01"]
[Time "21:00:21"]
[TimeControl "2700+45"]

1. d4 e6 2. c4 Nf6 3. g3 d5 4. Bg2 Bb4+ 5. Bd2 c5 6. a3 Ba5 7. Nf3 Nc6 8. b4
cxb4 9. axb4 Bxb4 10. Bxb4 Nxb4 11. Qa4+ Nc6 12. O-O Bd7 13. Qc2 a6 14. Nc3 dxc4
15. Na4 b5 16. Nc5 Bc8 17. Ne5 Nxe5 18. dxe5 Nd7 19. Bxa8 Nxc5 20. Bc6+ Nd7 21.
Rfd1 Qc7 22. Rxa6 Bxa6 23. Bxd7+ Ke7 24. Qa2 Rd8 25. Qa3+ Qd6 26. Qxd6# {Black
checkmated} 1-0

[Event "Team 45 45 League T43"]
[Site "Internet Chess Club"]
[Date "2009.12.01"]
[Round "5"]
[White "SleepyEyes"]
[Black "Matthew1814"]
[Result "0-1"]
[WhiteElo "1728"]
[BlackElo "1844"]
[Opening "QGD semi-Slav"]
[ECO "D43"]
[Time "12:16:49"]
[TimeControl "2700+45"]

1. d4 d5 2. c4 c6 3. Nf3 Nf6 4. Nc3 e6 5. Bg5 Be7 6. e3 dxc4 7. Bxc4 Nbd7 8. O-O
b5 9. Bd3 a6 10. Rc1 O-O 11. Bxf6 Nxf6 12. Ne4 Bb7 13. Ne5 Rc8 14. Qf3 Ba8 15.
Nxf6+ Bxf6 16. Nxc6 Bxc6 17. Rxc6 Rxc6 18. Qxc6 Qa5 19. a3 Qd2 20. Qe4 g6 21.
Rb1 Rc8 22. g3 Rc1+ 23. Rxc1 Qxc1+ 24. Kg2 Qxb2 25. Qa8+ Kg7 26. Qxa6 b4 27.
axb4 Qxb4 28. Qb5 Qa3 29. Be4 Qd6 30. Qc6 Be7 31. Qxd6 Bxd6 32. d5 exd5 33. Bxd5
f5 34. f3 Kf6 35. e4 Bc5 {White forfeits on time} 0-1

[Event "Team 45 45 League T43"]
[Site "Internet Chess Club"]
[Date "2009.11.30"]
[Round "5"]
[White "kidviper"]
[Black "AntMantis"]
[Result "1-0"]
[WhiteElo "1858"]
[BlackElo "1669"]
[Opening "QGD: Chigorin defense"]
[ECO "D07"]
[Time "13:16:50"]
[TimeControl "2700+45"]

1. d4 d5 2. c4 Nc6 3. Nf3 e5 4. e3 Bg4 5. cxd5 Qxd5 6. Nc3 Bb4 7. Bd2 Bxc3 8.
bxc3 e4 9. c4 Qh5 10. Qb3 Rb8 11. Ng1 Nge7 12. Be2 O-O 13. Qd1 Bxe2 14. Nxe2 Nf5
15. Nf4 Qg5 16. Qh5 Qxh5 17. Nxh5 Nh4 18. O-O Rbd8 19. Nf4 Rfe8 20. Rab1 b6 21.
Nd5 Rd7 22. Rfc1 Re6 23. Nf4 Rh6 24. Rb5 a6 25. Rh5 Rxh5 26. Nxh5 Ne5 27. Rc2
Nd3 28. Ng3 f5 29. Ne2 Rd6 30. a3 Rg6 31. Ng3 Kf7 32. d5 a5 33. Bc3 Ke7 34. Bd4
Kd6 35. Rd2 Ne1 36. Rd1 Nexg2 37. a4 h5 38. Kf1 Nf3 39. Nxf5+ Kd7 40. Ng3 h4 41.
Kxg2 hxg3 42. hxg3 Kd6 43. Rh1 Ne5 44. Bxe5+ Kxe5 45. Rh5+ Kd6 46. Rh4 Ke5 47.
f4+ exf3+ 48. Kxf3 Kd6 49. Rg4 Rxg4 50. Kxg4 Kc5 51. Kf5 Kxc4 52. Ke6 Kc5 53. e4
b5 54. axb5 a4 55. e5 a3 56. d6 cxd6 57. exd6 a2 58. d7 a1=Q 59. d8=Q Kxb5 60.
Qb8+ Kc5 61. Qe5+ Qxe5+ 62. Kxe5 Kc6 63. Ke6 Kc7 64. Kf7 Kd6 65. g4 Ke5 66. g5
Kf5 67. g6 {Black resigns} 1-0

[Event "Team 45 45 League T43"]
[Site "Internet Chess Club"]
[Date "2009.11.30"]
[Round "5"]
[White "KoalieAwe"]
[Black "kidcobra"]
[Result "1-0"]
[WhiteElo "1490"]
[BlackElo "1611"]
[Opening "QGD Slav: 4.Nc3"]
[ECO "D15"]
[Time "12:16:49"]
[TimeControl "2700+45"]

1. d4 d5 2. c4 c6 3. Nf3 Nf6 4. Nc3 Bf5 5. Bg5 e6 6. e3 Be7 7. Be2 Nbd7 8. O-O
O-O 9. Nh4 Bg6 10. Nxg6 hxg6 11. cxd5 exd5 12. Qb3 Nb6 13. Rac1 Re8 14. Rfd1 Qc7
15. Bxf6 Bxf6 16. Nxd5 Nxd5 17. Qxd5 cxd5 18. Rxc7 Re7 19. Rxe7 Bxe7 20. Rc1 Bd6
21. Bf3 Rd8 22. Kh1 b6 23. Bxd5 Bxh2 24. Bxf7+ Kxf7 25. Kxh2 Rh8+ 26. Kg1 Ke6
27. Rc7 Kf6 28. Rxa7 Rb8 29. Rc7 Ra8 30. Rc6+ Kg5 31. Rxb6 Rxa2 32. b4 Kh5 33.
e4 g5 34. f3 Kh4 35. Kh2 g4 36. fxg4 Kxg4 37. Rg6+ Kh5 38. Rxg7 Kh6 39. Rc7 Kg6
40. b5 Rb2 41. Rc6+ Kf7 42. b6 Ke7 43. Rc7+ Kd8 44. Rc6 Kd7 45. d5 Kd8 46. Kg3
Rb3+ 47. Kf4 Rb1 48. Ke5 Rh1 49. b7 Rh5+ 50. Kd4 Ke7 51. b8=Q Kf7 52. Qb7+
{Black resigns} 1-0

[Event "Team 45 45 League T43"]
[Site "Internet Chess Club"]
[Date "2009.11.30"]
[Round "5"]
[White "MateIn42"]
[Black "wrimle"]
[Result "1-0"]
[WhiteElo "1418"]
[BlackElo "1514"]
[Opening "Caro-Kann defense"]
[ECO "B10"]
[Time "17:00:21"]
[TimeControl "2700+45"]

1. e4 c6 2. Nf3 d5 3. exd5 cxd5 4. d4 Bg4 5. Be3 e6 6. h3 Bxf3 7. Qxf3 Nf6 8.
Bb5+ Nc6 9. O-O Qb6 10. Nc3 a6 11. Bd3 Bd6 12. Na4 Qc7 13. Nc5 Nb4 14. Rfc1 b6
15. Nb3 Nxd3 16. cxd3 Qb7 17. Bf4 Bxf4 18. Qxf4 Rc8 19. Rxc8+ Qxc8 20. Rc1 Qd8
21. Rc7 O-O 22. Qc1 Ne8 23. Rc8 Qd7 24. Qc6 Qxc6 25. Rxc6 Nf6 26. Rxb6 Rc8 27.
Nc5 h6 28. Rxa6 Rb8 29. b3 Rb4 30. Ra4 Rb5 31. a3 Ne8 32. Ra8 Kf8 33. a4 Rb4 34.
a5 Ke7 35. a6 Nc7 36. Ra7 Kd6 37. Rxc7 Kxc7 38. a7 Rb8 39. Na6+ {Black resigns}
1-0

[Event "Team 45 45 League T43"]
[Site "Internet Chess Club"]
[Date "2009.11.29"]
[Round "5"]
[White "rubo"]
[Black "blackjack721"]
[Result "1-0"]
[WhiteElo "1776"]
[BlackElo "1671"]
[Opening "Bird's opening"]
[ECO "A03"]
[Time "13:00:30"]
[TimeControl "2700+45"]

1. f4 d5 2. Nf3 Bf5 3. e3 e6 4. b3 Nf6 5. Bb2 Bb4 6. Be2 Nc6 7. O-O Bd6 8. Bb5
Qd7 9. Ne5 Bxe5 10. Bxe5 O-O-O 11. Na3 a6 12. Bxc6 Qxc6 13. c4 Be4 14. Rc1 d4
15. Qe2 dxe3 16. Qxe3 Bxg2 17. Nb5 axb5 18. cxb5 Bxf1 19. bxc6 Nd5 20. Qa7 bxc6
21. Rxc6 Kd7 22. Rd6+ Ke7 23. Rxd8 Rxd8 24. Qc5+ Ke8 25. Kxf1 f6 26. Qc6+ Rd7
27. Qxe6+ Ne7 28. Bc3 Kd8 29. Bb4 c6 30. Bxe7+ Rxe7 31. Qxc6 h5 32. a4 h4 33. a5
h3 34. a6 f5 35. Qd6+ Rd7 36. Qxd7+ {Black resigns} 1-0

[Event "Team 45 45 League T43"]
[Site "Internet Chess Club"]
[Date "2009.11.26"]
[Round "5"]
[White "Kallistos"]
[Black "quotha"]
[Result "1-0"]
[WhiteElo "1709"]
[BlackElo "1629"]
[Opening "Philidor's defense"]
[ECO "C41"]
[Time "10:00:41"]
[TimeControl "2700+45"]

1. e4 e5 2. Nf3 d6 3. Bc4 Be7 4. d4 exd4 5. c3 Nf6 6. Qxd4 O-O 7. Bf4 Bg4 8.
Nbd2 c5 9. Qd3 a6 10. O-O b5 11. Bd5 c4 12. Qd4 Nxd5 13. Qxd5 Ra7 14. h3 Be6 15.
Qd4 Nc6 16. Qe3 Qd7 17. Rad1 Rd8 18. Ng5 Bxg5 19. Bxg5 f6 20. Bf4 Ne5 21. Bxe5
dxe5 22. Nxc4 Qxd1 23. Qxa7 Qc2 24. Ne3 Qxb2 25. Qe7 {Black resigns} 1-0

[Event "Team 45 45 League T43"]
[Site "Internet Chess Club"]
[Date "2009.11.28"]
[Round "5"]
[White "scottrugby"]
[Black "jacknor"]
[Result "1-0"]
[WhiteElo "1471"]
[BlackElo "1531"]
[Opening "Sicilian: closed"]
[ECO "B23"]
[Time "19:02:29"]
[TimeControl "2700+45"]

1. e4 c5 2. Nc3 g6 3. f4 Bg7 4. Nf3 d6 5. Bc4 Nc6 6. O-O Nh6 7. d3 e6 8. Qe1 Nd4
9. Nxd4 cxd4 10. Ne2 e5 11. fxe5 dxe5 12. Bxh6 Bxh6 13. Bxf7+ Kd7 14. Qb4 a6 15.
Qc4 Qe7 16. Bg8 Kd8 17. Qd5+ Qd7 18. Qxd7+ Bxd7 19. Bd5 Rb8 20. c3 Bg4 21. Ng3
Be3+ 22. Kh1 dxc3 23. bxc3 b6 24. Rf6 Bc5 25. h3 Bd7 26. Ne2 Bb5 27. c4 Ba4 28.
Ng1 Bc2 29. Nf3 Bxd3 30. Nxe5 Bd4 31. Nc6+ {Black resigns} 1-0

[Event "Team 45 45 League T43"]
[Site "Internet Chess Club"]
[Date "2009.11.26"]
[Round "5"]
[White "werty"]
[Black "BarryNL"]
[Result "1/2-1/2"]
[WhiteElo "1511"]
[BlackElo "1504"]
[Opening "QGD: Semi-Tarrasch with e3"]
[ECO "D42"]
[Time "14:02:10"]
[TimeControl "2700+45"]

1. d4 d5 2. Nf3 e6 3. e3 c5 4. c4 Nf6 5. cxd5 Nxd5 6. Nc3 cxd4 7. Nxd4 Nxc3 8.
bxc3 Be7 9. Bd3 Nd7 10. O-O O-O 11. Qc2 Nf6 12. Bb2 a6 13. Rac1 Qa5 14. Qb3 Rb8
15. c4 Bd7 16. Bc3 Qc7 17. Rfd1 Bd6 18. Nf3 Bc6 19. Be2 Bxf3 20. Bxf3 Bxh2+ 21.
Kf1 Be5 22. Bxe5 Qxe5 23. Rb1 Qc7 24. Rb2 Nd7 25. Rdb1 Nc5 26. Qb6 Qxb6 27. Rxb6
Rfc8 28. Bxb7 Nxb7 29. Rxb7 Rxb7 30. Rxb7 Kf8 31. Ra7 Rxc4 32. Rxa6 Ke7 33. a4
g5 34. a5 {Game drawn by mutual agreement} 1/2-1/2

[Event "Team 45 45 League T43"]
[Site "Internet Chess Club"]
[Date "2009.12.01"]
[Round "5"]
[White "avila"]
[Black "Despair"]
[Result "0-1"]
[WhiteElo "1779"]
[BlackElo "1975"]
[Opening "Scandinavian defense"]
[ECO "B01"]
[Time "18:19:25"]
[TimeControl "2700+45"]

1. e4 d5 2. exd5 Nf6 3. Nc3 Nxd5 4. Nxd5 Qxd5 5. d3 g6 6. Nf3 Bg7 7. h3 b6 8. d4
Nc6 9. c3 O-O 10. Be2 Bb7 11. Be3 e5 12. dxe5 Nxe5 13. Qxd5 Bxd5 14. Nxe5 Bxe5
15. O-O Rfe8 16. Rfd1 c6 17. Bf1 Rad8 18. g4 Bf6 19. Bg2 Kg7 20. Bxd5 cxd5 21.
Kf1 h6 22. Bd4 Re4 23. Bxf6+ Kxf6 24. Rd3 Ke6 25. Rad1 f5 26. f3 Re5 27. c4 f4
28. Re1 Rxe1+ 29. Kxe1 d4 30. Rd1 Kf6 31. Kf2 d3 32. Re1 g5 33. b3 Rd7 34. Kf1
Rd6 35. Kf2 a6 36. Kf1 Rd8 37. Kf2 a5 38. Kf1 a4 39. bxa4 Rd4 40. a5 bxa5 41.
Rc1 Ke5 42. c5 Kd5 43. c6 d2 44. Rd1 Kxc6 45. Ke2 Kc5 46. Rxd2 Rxd2+ 47. Kxd2
Kd4 48. a3 a4 49. Ke2 Kc3 50. h4 gxh4 51. Kf2 Kb3 52. Kg2 Kxa3 53. Kh3 Kb3 54.
Kxh4 a3 55. Kh5 a2 56. Kxh6 a1=Q 57. g5 Qh1+ 58. Kg6 Qxf3 59. Kf7 Qd5+ 60. Kf6
f3 61. g6 f2 62. g7 f1=Q+ 63. Kg6 Qff7+ {White resigns} 0-1

[Event "Team 45 45 League T43"]
[Site "Internet Chess Club"]
[Date "2009.11.26"]
[Round "5"]
[White "fishhead"]
[Black "vkpanch"]
[Result "1-0"]
[WhiteElo "1960"]
[BlackElo "1676"]
[Opening "Sicilian defense"]
[ECO "B34"]
[Time "12:02:40"]
[TimeControl "2700+45"]

1. e4 c5 2. Nf3 Nc6 3. d4 cxd4 4. Nxd4 g6 5. Bc4 Bg7 6. Nxc6 bxc6 7. Nc3 Qc7 8.
Be3 Nf6 9. Qd2 O-O 10. f3 Rd8 11. O-O-O Bb7 12. Bb3 d5 13. Bf4 e5 14. Bg5 d4 15.
Na4 c5 16. c4 Ba6 17. Qd3 Qc6 18. Bc2 Rab8 19. b3 Rdc8 20. h4 h5 21. g3 Qb7 22.
Bd2 Qe7 23. Qe2 Bb7 24. Nb2 Bc6 25. Nd3 Ra8 26. Kb2 a5 27. Ra1 a4 28. Rhb1 Qa7
29. Kc1 Nd7 30. Kd1 Rcb8 31. b4 cxb4 32. Nxb4 Qc5 33. a3 Nb6 34. Bd3 Bd7 35. Rc1
Be6 36. Nd5 Rc8 37. Bb4 Qc7 38. Nxc7 Rxc7 39. c5 Bb3+ 40. Ke1 Bh6 41. Bd2 Bxd2+
42. Kxd2 Nd7 43. c6 Nf8 44. Rc5 Ne6 45. Rxe5 Rxc6 46. Rc1 Rac8 47. Rxc6 Rxc6 48.
Rb5 Rc3 49. Rb4 Rc5 50. Bc4 Bxc4 51. Rxc4 Rb5 52. Rb4 Rc5 53. Rxa4 Rc3 54. Ra8+
Kg7 55. a4 Ra3 56. Qd1 Nc5 57. a5 Nb3+ 58. Ke1 Ra1 59. Qxa1 Nxa1 60. a6 Nc2+ 61.
Kd2 Na3 62. Rb8 Nc4+ 63. Kd3 Ne5+ 64. Kxd4 Nc6+ 65. Kc5 Nxb8 66. a7 Nd7+ 67. Kb5
Ne5 68. f4 Nd3 69. a8=Q Nf2 70. e5 Ng4 71. Kc5 f6 72. e6 {Black resigns} 1-0

[Event "Team 45 45 League T43"]
[Site "Internet Chess Club"]
[Date "2009.12.01"]
[Round "5"]
[White "soccerisfun"]
[Black "awb"]
[Result "0-1"]
[WhiteElo "1516"]
[BlackElo "1766"]
[Opening "French: Tarrasch, closed variation"]
[ECO "C05"]
[Time "19:00:06"]
[TimeControl "2700+45"]

1. e4 e6 2. d4 d5 3. Nd2 Nf6 4. e5 Nfd7 5. Bd3 c5 6. c3 Nc6 7. Ndf3 cxd4 8. cxd4
f6 9. Bf4 fxe5 10. Nxe5 Bb4+ 11. Kf1 O-O 12. Nxc6 bxc6 13. g3 c5 14. dxc5 Bxc5
15. Nf3 e5 16. Bxh7+ Kxh7 17. Ng5+ Kg8 18. Qxd5+ Kh8 19. Qd3 Ba6 20. Qxa6 exf4
21. Qg6 Nf6 22. Ne6 Qd7 23. Nxf8 Qb5+ 24. Kg2 f3+ 25. Kxf3 Qc6+ 26. Ke2 Re8+ 27.
Kd3 Qd5+ 28. Kc2 Re2+ 29. Kc3 Qd4+ 30. Kb3 Qb4# {White checkmated} 0-1

[Event "Team 45 45 League T43"]
[Site "Internet Chess Club"]
[Date "2009.11.30"]
[Round "5"]
[White "JCA"]
[Black "Caminator"]
[Result "0-1"]
[WhiteElo "1596"]
[BlackElo "1883"]
[Opening "French: advance, Paulsen attack"]
[ECO "C00"]
[Time "19:00:39"]
[TimeControl "2700+45"]

1. e4 e6 2. Nf3 d5 3. e5 c5 4. d4 Nc6 5. c3 Qb6 6. b3 Bd7 7. a4 cxd4 8. cxd4 Rc8
9. Be3 Nge7 10. Be2 Nf5 11. O-O Bb4 12. Qd3 O-O 13. Rd1 Nxe3 14. Qxe3 Ne7 15.
Nh4 h6 16. Na3 a6 17. Rd3 Rc7 18. g3 Rfc8 19. Bf1 Rc3 20. Nb1 Rc1 21. Kg2 Re1
22. Be2 Rc2 23. Kf3 Rcxe2 24. Qxe2 Rxe2 25. Kxe2 Qc6 26. Nd2 Qc2 27. Rd1 b5 28.
Ke3 {White resigns} 0-1

[Event "Team 45 45 League T43"]
[Site "Internet Chess Club"]
[Date "2009.12.06"]
[Round "5"]
[White "chess92192"]
[Black "LoseOften"]
[Result "1-0"]
[WhiteElo "2015"]
[BlackElo "1813"]
[Opening "Réti v Dutch"]
[ECO "A04"]
[Time "14:39:54"]
[TimeControl "2700+45"]

1. Nf3 f5 2. d4 Nf6 3. c4 e6 4. g3 d5 5. Bg2 c6 6. O-O Bd6 7. c5 Bc7 8. Nc3 O-O
9. b4 Bd7 10. a4 Be8 11. b5 Nbd7 12. Ng5 Qe7 13. f4 Bh5 14. Ba3 h6 15. Nf3 Bxf3
16. exf3 Rae8 17. Qb3 Nh5 18. b6 axb6 19. cxb6 Bd6 20. a5 c5 21. Nb5 Nxf4 22.
gxf4 Bxf4 23. Bc1 Bb8 24. dxc5 Qh4 25. f4 Nxc5 26. Qg3 Qh5 27. Ba3 Rc8 28. Rac1
Ne4 29. Bxe4 fxe4 30. Bxf8 Rxf8 31. Nc7 Rf6 32. Kh1 Rg6 33. Qf2 Qh3 34. Rce1 Qc3
35. Rg1 Rxg1+ 36. Rxg1 Bxc7 37. bxc7 Qxc7 38. Qb6 Qxf4 39. Qxe6+ Kh8 40. Qe8+
{Black resigns} 1-0